Map: Bel'Shir Vestige LE (Void)

Players

IIIIIIIIIIII - Winner!

  • Race: Terran Terran
  • League: Diamond
  • Spawn Location: 5:00

A.I. 2 (Very Easy)

  • Race: Protoss Protoss
  • Spawn Location: 11:00

VOD

Have the link to the VOD?

Description

Time

  • Played on: March 29, 2017, 11:31 p.m.
  • Length: 8:08
Show
View Real Time Build Order
Export as new Build Order

IIIIIIIIIIII Terran - Winner!

Build Orders: Reaper Expand, MMM Bio 

Get SALT Encoding   

  12  0:00  SCV  
  13  0:13  SCV  
  14  0:17  Supply Depot  
  14  0:25  SCV  
  14  0:27  Refinery  
  15  0:39  SCV  
  16  0:45  Barracks  
  16  0:51  SCV  
  17  1:03  SCV  
  18  1:15  SCV  
  19  1:32  Orbital Command  
  19  1:33  Reaper  
  20  1:43  Command Center  
  20  1:59  SCV  
  20  2:00  Factory  
  21  2:08  Refinery, Barracks Reactor  
  21  2:12  SCV  
  22  2:16  Supply Depot  
  22  2:24  SCV  
  23  2:37  SCV  
  24  2:45  Widow Mine  
  24  2:46  Starport  
  24  2:49  SCV, Marine x2  
  29  2:57  Orbital Command  
  29  3:02  SCV  
  30  3:07  Marine x2  
  32  3:14  Widow Mine  
  34  3:24  Marine x2  
  36  3:28  SCV  
  37  3:36  Medivac  
  39  3:41  SCV  
  39  3:42  Supply Depot  
  39  3:43  Marine x2  
  39  3:46  Factory Tech Lab  
  39  3:47  Barracks  
  42  3:52  SCV  
  42  3:54  SCV  
  44  3:58  Supply Depot  
  44  4:03  Marine x2  
  44  4:08  Refinery  
  46  4:12  Engineering Bay  
  46  4:18  Starport Tech Lab, Siege Tank  
  46  4:23  Marine x2  
  51  4:26  SCV x2  
  53  4:33  Supply Depot  
  53  4:45  Marine x2  
  55  4:47  Starport Reactor  
  55  4:49  Stimpack, Marine  
  55  4:51  Siege Tank  
  59  4:58  SCV  
  59  4:59  Barracks, SCV  
  61  5:02  Terran Infantry Weapons Level 1  
  61  5:06  Supply Depot  
  61  5:08  Refinery  
  61  5:11  Marine x2  
  61  5:12  Marauder  
  65  5:17  SCV x2  
  67  5:24  Medivac  
  69  5:29  SCV x2  
  69  5:34  Medivac  
  73  5:35  Factory Reactor  
  73  5:37  Marine x2  
  73  5:39  Marauder  
  73  5:41  SCV  
  78  5:47  Supply Depot  
  78  5:52  Supply Depot  
  78  5:53  SCV  
  78  5:56  SCV  
  80  5:59  Marine x2  
  80  6:00  Combat Shields  
  82  6:05  SCV  
  82  6:06  Marauder  
  82  6:08  SCV  
  86  6:13  Marauder  
  86  6:15  Widow Mine  
  86  6:16  Widow Mine  
  92  6:22  Medivac  
  92  6:24  Medivac  
  96  6:28  SCV  
  96  6:29  Marine  
  96  6:31  Marine  
  99  6:36  Marauder  
  101  6:49  SCV  
  101  6:51  Supply Depot  
  101  6:52  Supply Depot  
  102  7:06  Concussive Shells  
  102  7:12  Widow Mine x2  
  102  7:13  Marauder, SCV, Marine  
  102  7:14  Medivac x2, Marauder, SCV, Marine  
  118  7:46  Supply Depot x2  
  118  7:47  Supply Depot  
  118  7:51  Supply Depot  
Show
View Real Time Build Order
Export as new Build Order

A.I. 2 (Very Easy) Protoss 

Build Orders:  

Get SALT Encoding   

  12  0:01  Probe (Chrono Boost)  
  13  0:11  Probe (Chrono Boost)  
  14  0:20  Pylon  
  14  0:36  Assimilator  
  14  0:43  Gateway  
  14  0:44  Pylon  
  14  1:12  Assimilator  
  14  1:25  Probe (Chrono Boost)  
  15  1:28  Zealot  
  15  1:31  Cybernetics Core  
  17  1:36  Probe (Chrono Boost)  
  19  1:47  Probe (Chrono Boost)  
  19  1:56  Warp Gate  
  19  1:58  Probe (Chrono Boost)  
  20  2:09  Probe (Chrono Boost)  
  21  2:21  Probe (Chrono Boost)  
  22  2:43  Stalker  
  24  7:23  Probe (Chrono Boost)  
  24  7:25  Adept, Pylon  
  24  7:27  Robotics Facility  
  27  7:34  Probe (Chrono Boost)  
  24  7:41  Nexus  
  20  7:45  Robotics Facility  
  20  7:47  Pylon  
Tags
 
Add a new tag
Caveats
  • Supply blocks, unpowered buildings, or Contaminate may cause inaccurate times.
  • Supply counts are checked every 10 seconds.